 Dungeon Crawl Stone Soup version 0.15.1-3-g1b33baa (webtiles) character file.

262 Chiseanne the Stinger (level 5, -1/35 HPs)
             Began as a Mummy Venom Mage on Oct 11, 2014.
             Killed by divine providence
             ... invoked by an orc priest
              (16 damage)
             ... on Level 4 of the Dungeon.
             The game lasted 00:12:48 (8900 turns).

Chiseanne the Stinger (Mummy Venom Mage)            Turns: 8900, Time: 00:12:48

HP  -1/35        AC  3     Str 11      XL: 5   Next: 97%
MP   4/13        EV 12     Int 15      God:
Gold 100         SH  0     Dex 12      Spells:  3 memorised,  4 levels left

rFire  x . .     SeeInvis .     f - +1 dagger
rCold  + . .     Clarity  .     a - +1 robe
rNeg   + + +     rCorr    .     (no shield)
rPois  +         rRot     +     (no helmet)
rElec  .         Spirit   .     (no cloak)
SustAb .         Warding  .     (no gloves)
rMut   .         Stasis   .     (no boots)
Gourm  .                        (no amulet)
MR     .....                    (no ring)
                                (no ring)

@: very slightly contaminated, not resistant to hostile enchantments, unstealthy
A: no food or potions, fire vulnerability, restore body, cold resistance 1,
negative energy resistance 3, poison resistance, torment resistance, unbreathing
a: no special abilities


You were on level 4 of the Dungeon.
You were not hungry.

You visited 1 branch of the dungeon, and saw 4 of its levels.

You collected 100 gold pieces.

Inventory:

Hand weapons
 f - a +1 dagger (weapon)
Missiles
 h - 16 poisoned needles
Armour
 a - a +1 robe (worn)
Scrolls
 c - a scroll of identify
 d - a scroll of enchant weapon
 e - a scroll of recharging
Books
 b - a Young Poisoner's Handbook

   Spells                             Type                      Level
   *Sting                             Conjuration/Poison           1
   Cure Poison                        Poison                       2
   *Mephitic Cloud                    Conjuration/Poison/Air       3
   *Olgreb's Toxic Radiance           Poison                       4
   Venom Bolt                         Conjuration/Poison           5


   Skills:
 - Level 1.5 Dodging
 - Level 1.5 Stealth
 * Level 4.1 Spellcasting
 * Level 5.0 Poison Magic


You had 4 spell levels left.
You knew the following spells:

 Your Spells              Type           Power        Failure   Level  Hunger
a - Sting                 Conj/Pois      ##..         8%          1    N/A
b - Mephitic Cloud        Conj/Pois/Air  #.......     30%         3    N/A
c - Olgreb's Toxic Radia  Pois           ###.....     24%         4    N/A

Dungeon Overview and Level Annotations

Branches:
Dungeon (4/15)
 Temple: D:4-7

Altars:

Annotations:
D:2 exclusion: downstairs, Terence
D:3 Johnny's ghost, average DgIE


Innate Abilities, Weirdness & Mutations

You do not eat or drink.
Your flesh is vulnerable to fire.
Your flesh is cold resistant.
You are immune to negative energy.
Your system is resistant to poisons.
You are immune to unholy pain and torment.
You can survive without breathing.


Message History

Confirm with . or Enter, or press ? or * to list all spells.
Aiming: Sting
Press: ? - help, Shift-Dir - straight line, f/p - orc
Aim: an orc, wielding a flail The sting hits the orc.
The orc is moderately wounded.
The orc priest glows brightly for a moment.
Casting: Sting
Confirm with . or Enter, or press ? or * to list all spells.
Aiming: Sting
Press: ? - help, Shift-Dir - straight line, f/p - orc
Aim: an orc, wielding a flail (moderately wounded)
The sting hits the orc.
The orc is poisoned.
The orc is severely wounded.
The orc hits you with a flail!
The orc priest calls upon Beogh to heal the orc.
The orc's wounds heal themselves!
The orc priest mumbles some strange prayers to Beogh against you.
Something smites you!
You die...

#### ##.....
####...o....
####.@o.#
#....####
######


You could see an orc priest and an orc.

Vanquished Creatures
  An orc priest (D:4)
  A worker ant (D:3)
  An orc wizard (D:2)
  Jessica (D:2)
  7 adders
  A giant mite (D:2)
  4 worms
  2 giant geckos
  5 orcs
  12 bats
  3 giant cockroaches
  6 hobgoblins
  9 kobolds
  An ooze (D:2)
  2 quokkas (D:2)
  3 giant newts
  6 goblins
  2 jackals (D:1)
  7 rats
74 creatures vanquished.

Notes
Turn   | Place    | Note
--------------------------------------------------------------
     0 | D:1      | Chiseanne, the Mummy Venom Mage, began the quest for the Orb.
     0 | D:1      | Reached XP level 1. HP: 13/13 MP: 3/3
   323 | D:1      | Reached XP level 2. HP: 13/19 MP: 0/4
  3232 | D:1      | Reached skill level 4 in Poison Magic
  4007 | D:1      | Reached XP level 3. HP: 18/24 MP: 0/6
  4023 | D:1      | Learned a level 3 spell: Mephitic Cloud
  5792 | D:1      | Noticed a hill giant
  5903 | D:2      | Noticed Terence
  6516 | D:2      | Reached XP level 4. HP: 30/30 MP: 2/8
  6572 | D:2      | Learned a level 4 spell: Olgreb's Toxic Radiance
  6873 | D:2      | Noticed Jessica
  6879 | D:2      | Killed Jessica
  7903 | D:2      | Reached XP level 5. HP: 15/35 MP: 3/11
  8812 | D:3      | Noticed Johnny's ghost (average DgIE)
  8896 | D:4      | Reached skill level 5 in Poison Magic
  8900 | D:4      | Killed from afar by an orc priest

Action                   |  1- 3 |  4- 6 || total
-------------------------+-------+-------++-------
Melee: Dagger            |    46 |    18 ||    64
       Unarmed           |     1 |       ||     1
 Cast: Sting             |    73 |   126 ||   199
  Use: Scroll            |     7 |     1 ||     8
